 Dungeon Crawl Stone Soup version 0.28.0-45-g0d030f2227 (webtiles) character file.

Game seed: 2045764489058685541

31 pkoi the Gusty (level 2, -1/20 HPs)
             Began as a Demigod Air Elementalist on Apr 21, 2022.
             Slain by an adder (4 damage)
             ... on level 2 of the Dungeon.
             The game lasted 00:01:15 (1516 turns).

pkoi the Gusty (Demigod Air Elementalist)           Turns: 1516, Time: 00:01:16

Health: -1/20      AC:  4    Str:  9    XL:     2   Next: 90%
Magic:  0/7        EV: 12    Int: 17    God:
Gold:   33         SH:  0    Dex: 14    Spells: 3/4 levels left

rFire   . . .      SeeInvis .   f - +0 dagger
rCold   . . .      Faith    .   (no shield)
rNeg    . . .      Spirit   .   a - +0 robe
rPois   .          Reflect  .   (no helmet)
rElec   .          Harm     .   (no cloak)
rCorr   .          Rampage  .   b - +1 pair of gloves
Will    .....                   (no boots)
Stlth   ++........              (no amulet)
HPRegen 0.06/turn               (no ring)
MPRegen 0.10/turn               (no ring)

@: very slightly contaminated
A: high MP 1, forlorn, divine attributes
a: no special abilities


You were on level 2 of the Dungeon.
You visited 1 branch of the dungeon, and saw 2 of its levels.

You collected 33 gold pieces.

Inventory:

Hand Weapons
 f - a +0 dagger (weapon)
Armour
 a - a +0 robe (worn)
 b - a +1 pair of gloves (worn)
Potions
 d - a potion of resistance


   Skills:
 - Level 1.7 Dodging
 - Level 1.7 Stealth
 - Level 1.7 Spellcasting
 - Level 0.8 Conjurations
 + Level 3.9 Air Magic


You had 3 spell levels left.
You knew the following spells:

 Your Spells              Type           Power      Damage    Failure   Level
a - Shock                 Conj/Air       36%        1d5       8%          1

Your spell library contained the following spells:

 Spells                   Type           Power      Damage    Failure   Level
 Static Discharge         Conj/Air       9%         N/A       12%         2
 Swiftness                Air            14%        N/A       12%         3
 Airstrike                Air            7%         N/A       36%         4


Dungeon Overview and Level Annotations

Branches:
Dungeon (2/15)


Innate Abilities, Weirdness & Mutations

You have an increased reservoir of magic. (+10% MP)
You shall have no god before yourself.
Your divine heritage dramatically boosts your attributes as you level up.


Message History

* * * LOW HITPOINT WARNING * * *
You are poisoned.
The adder poisons you! The adder closely misses you.
You hit the adder but do no damage.
The adder is severely wounded.
You feel sick. The adder bites you.
* * * LOW HITPOINT WARNING * * *
You hit the adder but do no damage.
The adder is severely wounded.
You feel sick. The adder bites you.
* * * LOW HITPOINT WARNING * * *
You hit the adder but do no damage.
The adder is severely wounded.
You feel sick. The adder bites you but does no damage. The adder bites you.
* * * LOW HITPOINT WARNING * * *
Unknown command.
You feel sick.
You see here a bat corpse.
Aiming: Shock (safe; 8% risk of failure)
Press: ? - help, Q - select action Shift-Dir - straight line, p - adder The zap misses the adder.
The zap hits the adder.
The adder is almost dead.
The zap hits the ball python.
You kill the ball python!
You feel sick.
You are no longer poisoned.
The adder bites you.
* * * LOW HITPOINT WARNING * * *
You barely miss the adder.
The adder is almost dead.
The adder barely misses you. The adder completely misses you.
You closely miss the adder.
The adder is almost dead.
The adder closely misses you.
Okay, then.
As you read the scroll labelled NUREHU OBLENEWN, it crumbles to dust.
It is a scroll of enchant armour.
Your +0 pair of gloves glows green for a moment.
The adder bites you.
You die...

..... .... .... #.
..# ..... #†# ..#
#......#.# #.#
######......#.# #†#
....##.....(#.###S#
....##......#...@.#
....##..........###
....#...........+
....#...........#
....#†..........#
....'.######....#
....### ######
....# ....#


You could see an adder.

Vanquished Creatures
  An adder (D:2)
  A bat (D:2)
  A giant cockroach (D:1)
  3 hobgoblins
  A quokka (D:2)
  6 ball pythons
  3 frilled lizards
  A goblin (D:1)
  A kobold (D:1)
  6 rats
24 creatures vanquished.

Notes
Turn   | Place    | Note
-------+----------+-------------------------------------------
     0 | D:1      | pkoi the Demigod Air Elementalist began the quest for the
                  | Orb.
     0 | D:1      | Reached XP level 1. HP: 14/14 MP: 5/5
   161 | D:1      | Reached skill level 3 in Air Magic
   743 | D:1      | Reached XP level 2. HP: 20/20 MP: 5/7
  1516 | D:2      | Slain by an adder

Illustrated notes

Levels and vault maps discovered:
D:1:      tarquinn_simple_flora_water_e, layout_rooms
D:2:      layout_basic, st_stairs_5

Skill      XL: |  1 |
---------------+----+-----
Air Magic      | 3 |  3.9
Dodging        | |  1.7
Stealth        | |  1.7
Spellcasting   | |  1.7
Conjurations   | |  0.8

Action                   || total
-------------------------++-------
Melee: Unarmed           ||    19
       Dagger            ||     6
 Cast: Shock             ||    51
  Use: Scroll            ||     3
Armor: Robe              ||     7
Dodge: Dodged            ||    21
